 Dungeon Crawl Stone Soup version 0.21.2 (webtiles) character file.

34 Hercules1031 the Fighter (level 3, 0/38 HPs)
             Began as a Gnoll Wanderer on Jan 14, 2019.
             Slain by an adder (3 damage)
             ... on level 1 of the Dungeon.
             The game lasted 00:03:23 (859 turns).

Hercules1031 the Fighter (Gnoll Wanderer)            Turns: 859, Time: 00:03:24

Health: 0/38       AC:  3    Str: 16    XL:     3   Next: 31%
Magic:  6/6        EV: 13    Int: 15    God:
Gold:   13         SH:  0    Dex: 12    Spells: 3/3 levels left

rFire    . . .     SeeInvis .   g - +0 short sword
rCold    . . .     Gourm    .   (no shield)
rNeg     . . .     Faith    .   e - +0 robe
rPois    .         Spirit   .   (no helmet)
rElec    .         Reflect  .   (no cloak)
rCorr    .         Harm     .   b - +0 pair of gloves
MR       .....                  (no boots)
Stlth    +.........             (no amulet)
HPRegen  0.12/turn              (no ring)
MPRegen  0.10/turn              (no ring)

@: lethally poisoned (0 -> -6)
A: distributed training, fangs 1, strong nose
a: no special abilities


You were on level 1 of the Dungeon.
You were not hungry.

You visited 1 branch of the dungeon, and saw 2 of its levels.

You collected 13 gold pieces.

Inventory:

Hand Weapons
 g - a +0 short sword (weapon)
Missiles
 c - 25 bolts (quivered)
Armour
 b - a +0 pair of gloves (worn)
 e - a +0 robe (worn)
Wands
 a - a wand of enslavement (15)
Scrolls
 h - 3 scrolls of identify {unknown}
 i - a scroll of teleportation {unknown}
 j - a scroll of fog {unknown}
Comestibles
 f - a ration


   Skills:
 + Level 8.5 Fighting
 + Level 0.7 Short Blades
 + Level 0.7 Long Blades
 + Level 2.6 Axes
 + Level 0.7 Maces & Flails
 + Level 0.7 Polearms
 + Level 0.7 Staves
 + Level 0.7 Slings
 + Level 0.7 Bows
 + Level 0.7 Crossbows
 + Level 0.7 Throwing
 + Level 4.5 Armour
 + Level 2.6 Dodging
 + Level 0.7 Stealth
 + Level 0.7 Shields
 + Level 0.7 Unarmed Combat
 + Level 0.7 Spellcasting
 + Level 0.5 Conjurations
 + Level 0.5 Hexes
 + Level 0.5 Charms
 + Level 0.5 Summonings
 + Level 0.5 Necromancy
 + Level 0.5 Translocations
 + Level 0.5 Transmutations
 + Level 0.5 Fire Magic
 + Level 0.5 Ice Magic
 + Level 0.5 Air Magic
 + Level 0.5 Earth Magic
 + Level 0.5 Poison Magic
 + Level 0.9 Invocations
 + Level 4.5 Evocations


You had 3 spell levels left.
You didn't know any spells.

Dungeon Overview and Level Annotations

Branches:
Dungeon (2/15)

Altars:


Innate Abilities, Weirdness & Mutations

Your experience applies equally to all skills.
You have very sharp teeth.
Your uncanny sense of smell can sniff out nearby items.


Message History

* * * LOW HITPOINT WARNING * * *
You are lethally poisoned!
The adder poisons you! The quokka barely misses you.
The ooze hits you but does no damage. The adder bites you.
* * * LOW HITPOINT WARNING * * *
The quokka misses you.
Unknown command.
Unknown command.
Unknown command.
Unknown command.
Unknown command.
Unknown command.
Unknown command.
You hit the quokka.
You kill the quokka!
* * * LOW HITPOINT WARNING * * *
You feel sick. The ooze hits you.
* * * LOW HITPOINT WARNING * * *
The adder bites you.
You die...

#.##. #.#.. #.#(#
##.#.#
##############..#.#
#...............#..
#####.########.....
#######....### #.##..
#..S@†.......###.##.#
##.J####.......#.##..
##......##..........
#.......#.......#.#
#........).........
#......###......#.#
######......#
#.........
##...........#
##........
##............#
#)#......


You could see an ooze and an adder.

Vanquished Creatures
  A dart slug (D:1)
  A leopard gecko (D:1)
  A giant cockroach (D:1)
  8 goblins (D:1)
  3 hobgoblins (D:1)
  5 kobolds (D:1)
  A quokka (D:1)
  2 bats (D:1)
  4 frilled lizards (D:1)
  2 rats (D:1)
28 creatures vanquished.

Notes
Turn   | Place    | Note
-------+----------+-------------------------------------------
     0 | D:1      | Hercules1031 the Gnoll Wanderer began the quest for the Orb.
     0 | D:1      | Hercules1031 set off with: a wand of enslavement (15), a +0 hand crossbow, 25 bolts, a potion of curing, a +0 robe, a ration
     0 | D:1      | Reached XP level 1. HP: 26/26 MP: 3/3
   300 | D:1      | Reached XP level 2. HP: 25/33 MP: 5/5
   597 | D:1      | Reached XP level 3. HP: 36/38 MP: 6/6
   859 | D:1      | Slain by an adder

Action                   || total
-------------------------++-------
Melee: Unarmed           ||    32
       Short sword       ||    81
       Bite              ||     9
  Use: Potion            ||     1
 Stab: Sleeping          ||     1
Armor: Robe              ||    21
Dodge: Dodged            ||    92
